 Dungeon Crawl Stone Soup version 0.24.0-1-gfbc8707 (webtiles) character file.

Game seed: 6303079179736024449, levelgen mode: deterministic

84 Blackhawk the Skirmisher (level 4, 0/29 HPs)
             Began as a Gargoyle Fighter on Oct 27, 2019.
             Slain by a gnoll
             ... wielding a +0 flail
              (4 damage)
             ... on level 4 of the Dungeon.
             The game lasted 00:01:32 (993 turns).

Blackhawk the Skirmisher (Gargoyle Fighter)          Turns: 993, Time: 00:01:33

Health: 0/29       AC: 15    Str: 21    XL:     4   Next: 45%
Magic:  4/4        EV:  4    Int:  8    God:
Gold:   36         SH:  9    Dex:  9    Spells: 3/3 levels left

rFire    . . .     SeeInvis .   a - +0 war axe
rCold    . . .     Gourm    .   c - +0 shield
rNeg     + . .     Faith    .   i - +0 plate armour
rPois    ∞         Spirit   .   (no helmet)
rElec    +         Reflect  .   (no cloak)
rCorr    .         Harm     .   (no gloves)
MR       .....                  (no boots)
Stlth    ..........             h - amulet of inaccuracy (curse)
HPRegen  0.09/turn              (no ring)
MPRegen  0.09/turn              (no ring)

@: no status effects
A: negative energy resistance 1, electricity resistance, unbreathing,
petrification resistance, rot immunity, AC +3
a: no special abilities


You were on level 4 of the Dungeon.
You were not hungry.

You visited 1 branch of the dungeon, and saw 3 of its levels.

You collected 36 gold pieces.

Inventory:

Hand Weapons
 a - a +0 war axe (weapon)
Armour
 b - a +0 scale mail
 c - a +0 shield (worn)
 i - a +0 plate armour (worn)
Jewellery
 h - a cursed amulet of inaccuracy (around neck)
Scrolls
 e - a scroll of identify {unknown}
Potions
 d - a potion of might
 j - a potion of curing {unknown}
 k - a potion of haste {unknown}
 l - a potion of invisibility {unknown}
Comestibles
 f - 2 rations
 g - 4 chunks of flesh


   Skills:
 + Level 3.8 Fighting
 * Level 2.9 Axes
 + Level 3.8 Armour
 + Level 3.8 Shields


You had 3 spell levels left.
You didn't know any spells.
Your spell library was empty.

Dungeon Overview and Level Annotations

Branches:
Dungeon (2/15)

Altars:


Innate Abilities, Weirdness & Mutations

You are resistant to torment.
Your stone body is resilient. (AC +3)
You are immune to poison.
You resist negative energy. (rN+)
You are resistant to electric shocks. (rElec)
You can survive without breathing.
You are immune to petrification.
You are immune to rotting.


Message History

You hit the gnoll.
The gnoll is moderately wounded.
You closely miss the orc. You block the orc's attack.
The gnoll hits you but does no damage. The orc hits you but does no damage.
You closely miss the gnoll.
The gnoll is moderately wounded.
Your shield and plate armour prevent you from hitting the orc.
You block the orc's attack. The gnoll hits you but does no damage.
You miss the gnoll.
The gnoll is moderately wounded.
You miss the orc. The orc hits you but does no damage.
The gnoll hits you but does no damage. The orc hits you but does no damage.
You closely miss the gnoll.
The gnoll is moderately wounded.
You miss the orc. You block the gnoll's attack. You block the orc's attack.
You hit the gnoll but do no damage.
The gnoll is moderately wounded.
You barely miss the orc. You block the gnoll's attack.
You block the orc's attack. The gnoll hits you with a +0 flail.
You die...

#.##########.#
#.gg@o.......#
#.g###.#####....
#. #(# . # #.#
#.# ... #.. ###


You could see 3 gnolls and an orc.

Vanquished Creatures
  A worker ant (D:4)
  2 dart slugs
  An orc (D:4)
  2 giant cockroaches
  6 hobgoblins
  3 jackals (D:1)
  3 bats (D:1)
  A frilled lizard (D:2)
  2 goblins (D:1)
  6 kobolds (D:1)
  6 rats (D:1)
33 creatures vanquished.

Vanquished Creatures (others)
  An orc wizard (D:4)
1 creature vanquished.

Grand Total: 34 creatures vanquished

Notes
Turn   | Place    | Note
-------+----------+-------------------------------------------
     0 | D:1      | Blackhawk the Gargoyle Fighter began the quest for the Orb.
     0 | D:1      | Reached XP level 1. HP: 14/14 MP: 1/1
    65 | D:1      | Reached XP level 2. HP: 19/19 MP: 2/2
   610 | D:1      | Reached XP level 3. HP: 20/23 MP: 3/3
   951 | D:2      | You fall into a shaft and drop 2 floors!
   970 | D:4      | Reached XP level 4. HP: 17/29 MP: 4/4
   993 | D:4      | Slain by a gnoll

Levels and vault maps discovered:
D:1:      ebering_trefoil_3fold, layout_rooms
D:2:      layout_rooms
D:4:      layout_loops_ring, lemuel_coloured_pillars_altar, serial_shops, shop,
          hangedman_decor_points, grunt_gozag_breadcrumbs,
          uniq_crazy_yiuf_cottage

Skill      XL: |  1 |
---------------+----+-----
Axes           | 2 |  2.9
Fighting       | |  3.8
Armour         | |  3.8
Shields        | |  3.8

Action                   |  1- 3 |  4- 6 || total
-------------------------+-------+-------++-------
Melee: War axe           |   204 |    23 ||   227
  Use: Scroll            |     1 |       ||     1
  Eat: Chunk             |     1 |       ||     1
Armor: Scale mail        |    17 |       ||    17
       Plate armour      |   208 |    27 ||   235
Dodge: Dodged            |    59 |     4 ||    63
Block: Shield            |   150 |    18 ||   168
